 Dungeon Sprint DCSS version 0.30-a0-1094-g860fb061e7 (webtiles) character file.

Game seed: 4030006629397858853

460 Darkkill the Carver (level 7, 0/64 HPs)
             Began as a Human Monk on Apr 17, 2023.
             Was a Believer of Nemelex Xobeh.
             Slain by an orc warrior
             ... wielding a +0 dire flail
              (17 damage)
             ... in the Dungeon (Sprint VII: "The Pits").
             The game lasted 00:02:15 (255 turns).

Darkkill the Carver (Human Monk)                     Turns: 255, Time: 00:02:15

Health: 0/64       AC:  9    Str: 13    XL:     7   Next: 28%
Magic:  7/7        EV: 12    Int: 11    God:    Nemelex Xobeh [**....]
Gold:   0          SH:  0    Dex: 15    Spells: 6/6 levels left

rFire   . . .      SeeInvis .    o - +1 trident (heavy)
rCold   . . .      Faith    .    d - orb {light}
rNeg    . . .      Spirit   .    p - +3 scale mail
rPois   .          Reflect  .    (no helmet)
rElec   .          Rampage  .    (no cloak)
rCorr   .          NoTele   +    (no gloves)
Will    .....                    (no boots) Stlth
                                 (no amulet)
HPRegen 0.30/turn                (no ring)
MPRegen 0.10/turn                (no ring)

@: glowing
A: no striking features
a: Renounce Religion, Draw Escape, Draw Destruction, Draw Summoning


You were in the Dungeon.
You worshipped Nemelex Xobeh.
Nemelex Xobeh was pleased with you.
You visited 1 branch

Inventory:

Hand Weapons
 o - a +1 heavy trident (weapon)
Missiles
 l - 10 stones (quivered)
Armour
 d - an orb of light (worn)
 p - a +3 scale mail (worn)
Scrolls
 j - a scroll of blinking
 m - 5 scrolls of amnesia
Potions
 a - 2 potions of invisibility
 c - a potion of ambrosia
 e - 6 potions of curing {@q1}
 f - 5 potions of heal wounds
 g - a potion of haste
 h - 4 potions of magic
 i - 2 potions of berserk rage


   Skills:
 + Level 9.0 Fighting
 + Level 9.0 Long Blades
 + Level 9.0 Dodging


You had 6 spell levels left.
You didn't know any spells.
Your spell library was empty.

Dungeon Overview and Level Annotations

Branches:
Dungeon (1/1)

Altars:
Ashenzari
Cheibriados
Dithmenos
Elyvilon
Fedhas
Gozag
Hepliaklqana
Kikubaaqudgha
Makhleb
Nemelex Xobeh
Okawaru
Qazlal
Ru
Sif Muna
Trog
Uskayaw
Vehumet
Wu Jian
Xom
Yredelemnul
Zin
The Shining One
Jiyva
Lugonu


Message History

The orc wizard evaporates and reforms as a howler monkey!
The howler monkey twists and deforms.
The boggart picks up a +0 club.
The boggart wields a +0 club.
The boggart mumbles some strange words.
The boggart blinks!
You impale the tengu!!
You kill the tengu!
The sky beast returns to its original shape as it dies.
Your Fighting skill increases to level 7!
Your Long Blades skill increases to level 7!
Your Dodging skill increases to level 7!
You have reached level 6!
You draw a card...
You have drawn Pain.
Press: ? - help, Shift-Dir - straight line, f - boggart
Aim: a boggart, wielding a +0 club (misshapen and mutated, haloed)
The boggart convulses!
The deck of cards glows with a rainbow of weird colours and disappears.
The howler monkey hits you.
You puncture the boggart!
You kill the boggart!
The mummy is no longer dazed.
The howler monkey misses you. The howler monkey closely misses you.
The howler monkey barely misses you.
Your Long Blades skill increases to level 8!
You puncture the howler monkey!
The howler monkey is almost dead.
The howler monkey closely misses you.
The howler monkey hoots and howls with incredible vigour!
You puncture the howler monkey!
You kill the howler monkey!
A floating eye comes into view.
A ball python skeleton comes into view.
The floating eye seems to glare at you.
Your Fighting skill increases to level 8!
Your Dodging skill increases to level 8!
You impale the mummy!!
You destroy the mummy!
The floating eye gazes piercingly through you!
You suddenly lose the ability to move!
An orc wizard comes into view. It is wielding a +0 dagger.
You can move again.
You hit the floating eye.
The floating eye is moderately wounded.
The floating eye's stare focuses on you.
The orc wizard gestures wildly while chanting.
The orc wizard flickers and vanishes for a moment.
The floating eye gazes piercingly through you!
You shrug off the repeated paralysis!
You hit the floating eye.
The floating eye is heavily wounded.
The floating eye seems to glare at you.
The floating eye gazes piercingly through you!
You suddenly lose the ability to move!
The floating eye's view fixates on you.
You can move again.
You hit the floating eye.
The floating eye is heavily wounded.
The floating eye gazes piercingly through you!
You shrug off the repeated paralysis!
You impale the floating eye!!
You kill the floating eye!
The orc wizard points at you and mumbles some strange words.
The puff of flame hits you.
An orc warrior comes into view. It is wielding a +0 dire flail.
You have reached level 7!
The orc warrior shouts!
You hit the orc wizard but do no damage.
The orc wizard casts a spell at you. You resist with some effort.
The orc wizard hits you but does no damage.
You puncture the orc wizard!
The orc wizard is severely wounded.
The orc wizard hits you but does no damage.
The orc wizard barely misses you.
You closely miss the orc wizard.
The orc wizard is severely wounded.
The orc wizard hits you but does no damage. x2
You puncture the orc wizard!
You kill the orc wizard!
Reactivating autopickup.
The orc warrior closely misses you.
Your Fighting skill increases to level 9!
Your Long Blades skill increases to level 9!
Your Dodging skill increases to level 9!
You hit the orc warrior but do no damage.
The orc warrior is almost dead.
The orc warrior closely misses you.
The orc warrior hits you with a +0 dire flail!
You hit the orc warrior but do no damage.
The orc warrior is almost dead.
The orc warrior misses you. The orc warrior barely misses you.
You completely miss the orc warrior.
The orc warrior is almost dead.
The orc warrior barely misses you.
The orc warrior hits you with a +0 dire flail!
* * * LOW HITPOINT WARNING * * *
You barely miss the orc warrior.
The orc warrior is almost dead.
The orc warrior hits you with a +0 dire flail!
You die...
Your body disappears without additional glow.

#...........'.....
#'#####'#####.....
#.#..#..#..##.....
#.#..'..†..#####'#
#.##†####'###.....
#.#.....†..##.....
#.#........##.....
#)#####'#####...<.
#@#...).)[.##.....
#o#...)))).##.....
#Z###########.....
#.) ###### #.##
#.# #.# #.. #.g


You could see an orc warrior and a ball python skeleton.

Vanquished Creatures
  A floating eye (D)
  A boggart (D)
  A tengu (D)
  A scorpion (D)
  A howler monkey (D)
  An orc wizard (D)
  A mummy (D)
  3 gnolls (D)
  An adder (D)
  A river rat (D)
  An adder skeleton (D)
  An orc (D)
  A ball python (D)
  A bat (D)
  2 bat skeletons (D)
  A quokka (D)
  A ball python zombie (D)
20 creatures vanquished.

Notes
Turn   | Place    | Note
-------+----------+-------------------------------------------
     0 | D        | Darkkill the Human Monk began the quest for the Orb.
     0 | D        | Reached XP level 1. HP: 18/18 MP: 1/1
    19 | D        | Found a bloodstained altar of Trog.
    19 | D        | Found a shimmering blue altar of Sif Muna.
    19 | D        | Found a viscous altar of Jiyva.
    19 | D        | Found a hazy altar of Hepliaklqana.
    19 | D        | Found an opulent altar of Gozag.
    20 | D        | Found a glowing golden altar of the Shining One.
    20 | D        | Found a glowing silver altar of Zin.
    20 | D        | Found a basalt altar of Yredelemnul.
    20 | D        | Found a shimmering altar of Xom.
    20 | D        | Found an ornate altar of the Wu Jian Council.
    20 | D        | Found a sacrificial altar of Ru.
    20 | D        | Found a stormy altar of Qazlal.
    20 | D        | Found an iron altar of Okawaru.
    20 | D        | Found a sparkling altar of Nemelex Xobeh.
    20 | D        | Found a burning altar of Makhleb.
    20 | D        | Found a blossoming altar of Fedhas.
    20 | D        | Found a white marble altar of Elyvilon.
    20 | D        | Found a shadowy altar of Dithmenos.
    20 | D        | Found a snail-covered altar of Cheibriados.
    22 | D        | Found a radiant altar of Vehumet.
    22 | D        | Found a corrupted altar of Lugonu.
    23 | D        | Found a hide-covered altar of Uskayaw.
    23 | D        | Found an ancient bone altar of Kikubaaqudgha.
    23 | D        | Found a broken altar of Ashenzari.
    29 | D        | Became a worshipper of Nemelex Xobeh the Trickster
    29 | D        | Reached * piety under Nemelex Xobeh
    29 | D        | Received a gift from Nemelex Xobeh
    29 | D        | Reached ** piety under Nemelex Xobeh
    74 | D        | Noticed a scorpion
    80 | D        | Killed a scorpion
    81 | D        | Reached skill level 5 in Fighting
    81 | D        | Reached skill level 5 in Long Blades
    81 | D        | Reached skill level 5 in Dodging
    81 | D        | Reached XP level 2. HP: 23/27 MP: 2/2
    81 | D        | Reached XP level 3. HP: 28/33 MP: 3/3
    81 | D        | Reached XP level 4. HP: 33/39 MP: 4/4
   180 | D        | Received a gift from Nemelex Xobeh
   221 | D        | Noticed a sky beast
   226 | D        | Reached XP level 5. HP: 26/46 MP: 5/5
   235 | D        | a sky beast changed into a tengu
   235 | D        | Noticed a tengu
   235 | D        | a gnoll bouda changed into a boggart
   235 | D        | Noticed a boggart
   236 | D        | Killed a tengu
   237 | D        | Reached XP level 6. HP: 29/55 MP: 6/6
   238 | D        | Killed a boggart
   240 | D        | Noticed a floating eye
   241 | D        | Paralysed by a floating eye for 2 turns
   243 | D        | Paralysed by a floating eye for 4 turns
   247 | D        | Killed a floating eye
   247 | D        | Noticed an orc warrior
   248 | D        | Reached XP level 7. HP: 37/63 MP: 7/7
   255 | D        | Slain by an orc warrior

Illustrated notes

Levels and vault maps discovered:
D:        pitsprint [storerooms_1, entrance_room_1, metal_vault_8, armoury_1,
          mini_pit_1, grid_room_1, main_hall_1, silver_pit, the_coven_1,
          the_vestibule_1, steel_vault_5, golden_pit, hallway_of_sentries,
          crystal_vault_4, iron_vault_1, final_vault]

Skill      XL: |  1  2  3  4  5  6  7 |
---------------+----------------------+-----
Fighting       | 5 7 8 9 |  9.0
Long Blades    | 5 6 7 8 9 |  9.0
Dodging        | 5 7 8 9 |  9.0

Action                     |  1- 3 |  4- 6 |  7- 9 || total
---------------------------+-------+-------+-------++-------
  Melee: Trident           |     7 |    36 |     8 ||    51
         Falchion          |     2 |       |       ||     2
 Invoke: Draw Destruction  |       |     4 |       ||     4
    Use: Potion            |     1 |     1 |       ||     2
         Scroll            |       |     1 |       ||     1
 Armour: Robe              |     3 |     7 |       ||    10
         Scale mail        |       |    12 |     4 ||    16
  Dodge: Dodged            |     9 |    50 |     6 ||    65

Table legend: (Time is in decaauts)
 A = Elapsed time spent in this place.
 B = Non-inter-level travel time spent in this place.
 C = Inter-level travel time spent in this place.
 D = Time resting spent in this place.
 E = Time spent auto-exploring this place.
 F = Levels seen in this place.
 G = Mean time per level.
                   A        B        C        D        E       F      G
               +--------+--------+--------+--------+--------+-----+--------+
         Total |    298 |    282 |     16 |      0 |      7 |   1 |  298.0 |
       Dungeon |    298 |    282 |     16 |      0 |      7 |   1 |  298.0 |
               +--------+--------+--------+--------+--------+-----+--------+

Top non-repeatable levels by time:
       D: 298 daAuts

Table legend:
 A = Kills in this place as a percentage of kills in the entire game.
 B = Kills by you in this place as a percentage of kills by you in the entire game.
 C = Kills by friends in this place as a percentage of kills by friends in the entire game.
 D = Other kills in this place as a percentage of other kills in the entire game.
 E = Experience gained in this place as a percentage of experience gained in the entire game.
 F = Experience gained in this place divided by the number of levels of this place that you have seen.
                   A       B       C       D       E      F
               +-------+-------+-------+-------+-------+----------------------
         Total | 100.0 | 100.0 |   N/A |   N/A | 100.0 | 658.0
       Dungeon | 100.0 | 100.0 |   N/A |   N/A | 100.0 | 658.0
               +-------+-------+-------+-------+-------+----------------------
